 Dungeon Crawl Stone Soup version 0.28-a0-32-g8dfe7f97f6 (webtiles) character file.

Game seed: 1856332431125444210

67 willcat the Sneak (level 4, 0/28 HPs)
             Began as a Kobold Delver on July 27, 2021.
             Slain by a jelly (3 damage)
             ... on level 5 of the Dungeon.
             The game lasted 00:00:54 (356 turns).

willcat the Sneak (Kobold Delver)                    Turns: 356, Time: 00:00:55

Health: 0/28       AC: -1    Str:  9    XL:     4   Next: 40%
Magic:  4/4        EV: 14    Int: 11    God:
Gold:   39         SH:  0    Dex: 17    Spells: 3/3 levels left

rFire   . . .      SeeInvis .   a - +0 short sword
rCold   . . .      Faith    .   (shield restricted)
rNeg    . . .      Spirit   .   b - +0 leather armour
rPois   .          Reflect  .   (no helmet)
rElec   .          Harm     .   (no cloak)
rCorr   .          Rampage  .   (no gloves)
Will    .....                   (no boots)
Stlth   +++++.....              (no amulet)
HPRegen 0.09/turn               (no ring)
MPRegen 0.09/turn               (no ring)

@: corroded
A: small, no large weapons, nightstalker 3
a: no special abilities


You were on level 5 of the Dungeon.
You visited 1 branch of the dungeon, and saw 3 of its levels.

You collected 39 gold pieces.

Inventory:

Hand Weapons
 a - a +0 short sword (weapon)
Armour
 b - a +0 leather armour (worn)
Wands
 g - a wand of digging (9)
Scrolls
 c - a scroll of fog
 d - a scroll of magic mapping
 e - a scroll of fear
Potions
 f - a potion of haste
 h - a potion of curing {unknown}


   Skills:
 - Level 3.2 Fighting
 + Level 4.5 Short Blades
 - Level 2.4 Dodging
 + Level 7.7 Stealth


You had 3 spell levels left.
You didn't know any spells.
Your spell library contained the following spells:

 Spells                   Type           Power      Damage    Failure   Level
 Summon Ice Beast         Ice/Summ       0%         N/A       99%         4
 Summon Mana Viper        Hex/Summ       0%         N/A       100%        5
 Monstrous Menagerie      Summ           0%         N/A       100%        7


Dungeon Overview and Level Annotations

Branches:
Dungeon (6/15)
 Temple: D:4-7

Altars:

Shops:
D:6 =


Innate Abilities, Weirdness & Mutations

You are small and have problems with some larger weapons.
You are completely attuned to the shadows.


Message History

h - an orange potion You now have 25 gold pieces (gained 13).
Found 14 gold pieces.
A ball python comes into view.
You see here 14 gold pieces.
Found a stone staircase leading up.
The helpless ball python fails to defend itself.
You impale the ball python!!
You kill the ball python!
You now have 39 gold pieces (gained 14).
There are no items here.
Found a stone staircase leading down.
Found 21 bolts.
Found 10 gold pieces.
There is a stone staircase leading down here.
You climb downwards.
A jelly comes into view.
The jelly quivers.
There is a stone staircase leading up here.
Unknown command.
A centaur zombie comes into view.
You completely miss the jelly. The jelly misses you.
You hit the jelly but do no damage.
Your hands burn!
The jelly hits you.
You are splashed with acid!
You hit the jelly.
Your hands burn!
The jelly is lightly wounded.
The jelly barely misses you.
You hit the jelly.
Your hands burn!
The jelly is heavily wounded.
The jelly closely misses you.
Unknown command.
You hit the jelly but do no damage.
Your hands burn!
* * * LOW HITPOINT WARNING * * *
The jelly is heavily wounded.
Unknown command.
You hit the jelly but do no damage. The acid corrodes you!
Your hands burn!
* * * LOW HITPOINT WARNING * * *
The jelly is heavily wounded.
The jelly hits you.
You die...

.... ##
.#.# #.
...
#.#.#.#
#.@....
....#J#.#
...# ...
... .#.#
.# ....


You could see a jelly.

Vanquished Creatures
  A scorpion (D:5)
  3 orcs
  A ball python (D:4)
5 creatures vanquished.

Notes
Turn   | Place    | Note
-------+----------+-------------------------------------------
     0 | D:5      | willcat the Kobold Delver began the quest for the Orb.
     0 | D:5      | Reached XP level 1. HP: 14/14 MP: 1/1
     1 | D:6      | Found Cys Yruskel's Jewellery Shop.
     2 | D:6      | Noticed an orc wizard
    39 | D:5      | Noticed a scorpion
   282 | D:5      | Killed a scorpion
   283 | D:5      | Reached skill level 7 in Stealth
   283 | D:5      | Reached XP level 2. HP: 19/19 MP: 2/2
   283 | D:5      | Reached XP level 3. HP: 23/23 MP: 3/3
   283 | D:5      | Reached XP level 4. HP: 28/28 MP: 4/4
   289 | D:5      | Noticed a wyvern
   356 | D:5      | Slain by a jelly

Illustrated notes

Levels and vault maps discovered:
D:4:      minmay_wonky_spiral, layout_layer_cave, guppyfry_early_lair_pool,
          uniq_crazy_yiuf_cottage
D:5:      layout_rooms, nicolae_ru_path_of_blood, st_stairs_13
D:6:      cheibrodos_barr_body, layout_basic, portal_sewer_entry_e,
          nicolae_stop_n_shop_1

Skill      XL: |  1 |
---------------+----+-----
Short Blades   | 4 |  4.5
Stealth        | 7 |  7.7
Fighting       | |  3.2
Dodging        | |  2.4

Action                   |  1- 3 |  4- 6 || total
-------------------------+-------+-------++-------
Melee: Short sword       |     4 |    10 ||    14
 Stab: Sleeping          |     3 |     1 ||     4
Armor: Leather armour    |     1 |     1 ||     2
Dodge: Dodged            |     6 |     6 ||    12

Table legend: (Time is in decaauts)
 A = Elapsed time spent in this place.
 B = Non-inter-level travel time spent in this place.
 C = Inter-level travel time spent in this place.
 D = Time resting spent in this place.
 E = Time spent auto-exploring this place.
 F = Levels seen in this place.
 G = Mean time per level.
                   A        B        C        D        E       F      G
               +--------+--------+--------+--------+--------+-----+--------+
         Total |    355 |    355 |      0 |    230 |      0 |   3 |  118.3 |
       Dungeon |    355 |    355 |      0 |    230 |      0 |   3 |  118.3 |
               +--------+--------+--------+--------+--------+-----+--------+

Top non-repeatable levels by time:
     D:5: 296 daAuts
     D:4: 47 daAuts
     D:6: 11 daAuts
